 Dungeon Crawl Stone Soup version 0.30-a0-169-g06f667207d (webtiles) character file.

Game seed: 12352954379926583718

2193 qw the Cleaver (level 9, -3/60 HPs)
             Began as a Gargoyle Fighter on Sept 29, 2022.
             Was an Initiate of Okawaru.
             Slain by an orc warrior
             ... wielding a +0 scimitar
              (6 damage)
             ... on level 8 of the Dungeon.
             The game lasted 00:02:42 (8051 turns).

qw the Cleaver (Gargoyle Fighter)                   Turns: 8051, Time: 00:02:42

Health: -3/60      AC: 18    Str: 24    XL:     9   Next: 34%
Magic:  9/9        EV:  8    Int:  9    God:    Okawaru [......]
Gold:   253        SH:  5    Dex: 15    Spells: 8/8 levels left

rFire   . . .      SeeInvis +    l - +1 broad axe
rCold   . . .      Faith    .    c - +0 buckler
rNeg    + . .      Spirit   .    k - +0 chain mail
rPois   inf        Reflect  .    m - +0 helmet
rElec   +          Harm     .    n - +0 cloak
rCorr   .          Rampage  .    (no gloves)
Will    .....                    (no boots)
Stlth   ..........               (no amulet)
HPRegen 0.20/turn                q - ring of see invisible
MPRegen 0.11/turn                o - +6 ring of dexterity

@: about to teleport
A: sickness immunity, AC +6, negative energy resistance 1, electricity
resistance, torment resistance 1, petrification resistance, sense surroundings
1, robust 1
a: Renounce Religion


You were on level 8 of the Dungeon.
You worshipped Okawaru.
Okawaru was noncommittal.
You visited 1 branch of the dungeon, and saw 8 of its levels.

You collected 410 gold pieces.
You spent 157 gold pieces at shops.


Innate Abilities, Weirdness & Mutations

You are immune to sickness and miasma.
Your stone body is resilient. (AC +6)
You are immune to poison.
You resist negative energy. (rN+)
You are resistant to electric shocks. (rElec)
You are resistant to unholy torment.
You are immune to petrification.
You passively map a small area around you.
You are robust. (+10% HP)


   Skills:
 + Level 6.2 Fighting
 - Level 9.0 Axes
 - Level 2.1 Throwing
 - Level 4.4 Armour
 - Level 2.2 Dodging
 - Level 4.3 Shields


You had 8 spell levels left.
You didn't know any spells.
Your spell library was empty.

Inventory:

Hand Weapons
 e - a +4 mace of protection
 l - a +1 broad axe (weapon)
Missiles
 h - a boomerang (quivered)
Armour
 c - a +0 buckler (worn)
 k - a +0 chain mail (worn)
 m - a +0 helmet (worn)
 n - a +0 cloak (worn)
Jewellery
 o - a +6 ring of dexterity (right hand)
 q - a ring of see invisible (left hand)
 Y - a ring of positive energy
Scrolls
 a - a scroll of identify
 g - a scroll of teleportation
Potions
 b - a potion of brilliance {unknown}
 d - a potion of might
 f - a potion of mutation
 i - 2 potions of lignification
 j - 2 potions of heal wounds
 r - a potion of invisibility {unknown}
 s - a potion of cancellation {unknown}
 t - 2 potions of curing

Dungeon Overview and Level Annotations

Branches:
Dungeon (8/15)             Temple (0/1) D:4
   Lair: D:8-11

Altars:
Cheibriados
Elyvilon
Hepliaklqana
Makhleb
Okawaru
Uskayaw

Shops:
D:1 (   D:3 [   D:5 ?   D:7 *

Annotations:
D:3 2 transporters, qw's ghost, amateur GrFi
D:8 Grum


Message History

The wolf closely misses you. The wolf bites you.
You slash the orc wizard!
You kill the orc wizard!
Okawaru accepts your kill.
You slash the wolf! You barely miss the wolf. You miss the wolf.
You barely miss the wolf. The wolf bites you but does no damage.
The wolf bites you. The wolf bites you but does no damage.
You block the wolf's attack. The wolf barely misses you.
The wolf bites you but does no damage. The wolf bites you.
The wolf bites you but does no damage.
You hit the wolf.
The wolf is severely wounded.
You hit the orc warrior. You hit the wolf. You closely miss the wolf.
You hit the wolf.
The wolf bites you but does no damage. x2; The wolf barely misses you.
The wolf closely misses you. You block the orc warrior's attack.
Grum barely misses you.
The wolf bites you but does no damage. x3
You block the wolf's attack.
You slice the wolf!!
You kill the wolf!
Okawaru accepts your kill.
You barely miss the orc warrior. You hit the wolf. You slash the wolf!
You hit the wolf. The wolf bites you but does no damage.
The wolf barely misses you. x2
Grum closely misses you.
The orc warrior hits you with a +0 scimitar!
You block the wolf's attack.
The wolf bites you but does no damage. x2
The orc hits you but does no damage.
The orc warrior hits you but does no damage.
Grum hits you from afar with a -2 glaive of flaming.
Grum burns you.
Your Shields skill increases to level 4!
8051 ||| READING 2 scrolls of teleportation.
As you read the scroll of teleportation, it crumbles to dust.
You feel strangely unstable. The wolf bites you! You block the wolf's attack.
The wolf bites you but does no damage. The wolf bites you.
You block the wolf's attack. The orc completely misses you.
The orc warrior hits you with a +0 scimitar.
You die...

.....# #............ *
.....# ,#....#..#....###
.....# ,#......)........
,
#....##.#......#........
#....##.##.#.....#......
#..####.##..............
,
..#.....#..........#....
,
..#.....#...##$..h......
)###..#.#...###.@h5#.. ,
#...#.?.##.....oohg.....
#...#.............#.....
#...##.##########.# ####
.###..## , .#, * ......#
* # .. , , , .###..#. ,
.# .##** *
#...##.######.# .. , *
#...#.....?...# ,,


You could see Grum, an orc warrior, 3 wolves, a shadow imp and an orc.

Vanquished Creatures
  2 water moccasins
  2 black bears
  An ice beast (D:7)
  2 ogres (D:6)
  A wolf (D:8)
  2 sky beasts
  A kobold brigand (D:6)
  3 bullfrogs
  2 necrophages (D:5)
  A gnoll sergeant (D:7)
  A scorpion (D:4)
  A howler monkey (D:7)
  A jelly (D:5)
  3 hounds
  3 orc priests
  4 iguanas
  4 orc wizards
  A mummy (D:6)
  Robin (D:4)
  7 gnolls
  7 adders
  A river rat (D:3)
  3 white imps
  2 ufetubi
  4 worms
  18 orcs
  7 endoplasms
  5 giant cockroaches
  16 goblins
  8 hobgoblins
  20 kobolds
  4 quokkas
  8 ball pythons
  5 bats
  A frilled lizard (D:1)
  9 rats
161 creatures vanquished.

Notes
Turn   | Place    | Note
-------+----------+-------------------------------------------
     0 | D:1      | qw the Gargoyle Fighter began the quest for the Orb.
     0 | D:1      | Reached XP level 1. HP: 14/14 MP: 1/1
     0 | D:1      | 0 ||| qw: Version: 0.2-a-12-gaebbb33
     0 | D:1      | 0 ||| qw: Game counter: 1302
     0 | D:1      | 0 ||| qw: Always use a shield: true
     0 | D:1      | 0 ||| qw: God list: Okawaru
     0 | D:1      | 0 ||| qw: Allow faded altars: false
     0 | D:1      | 0 ||| qw: Do Orc after D:15 true
     0 | D:1      | 0 ||| qw: Do second Lair branch before Depths: true
     0 | D:1      | 0 ||| qw: Lair rune preference: random
     0 | D:1      | 0 ||| qw: Plans: Normal, Zot:1-4, God:TSO, Crypt, Tomb,
                  | Pan, Slime:5, Hells, Abyss, Orb
     0 | D:1      | 0 ||| PLANNING D:1-11
    44 | D:1      | Reached skill level 2 in Axes
    44 | D:1      | 44 ||| Stepping ~*~*~tactically~*~*~ (stealth).
    55 | D:1      | 55 ||| Stepping ~*~*~tactically~*~*~ (stealth).
    56 | D:1      | 56 ||| Stepping ~*~*~tactically~*~*~ (stealth).
    84 | D:1      | Reached XP level 2. HP: 19/19 MP: 2/2
   170 | D:1      | 170 ||| Stepping ~*~*~tactically~*~*~ (stealth).
   259 | D:1      | Reached skill level 3 in Axes
   487 | D:1      | Reached XP level 3. HP: 22/23 MP: 3/3
   669 | D:1      | Found Umom Vao's Weapon Boutique.
   706 | D:1      | 706 ||| Stepping ~*~*~tactically~*~*~ (stealth).
   710 | D:1      | 710 ||| Stepping ~*~*~tactically~*~*~ (stealth).
   711 | D:1      | 711 ||| Stepping ~*~*~tactically~*~*~ (stealth).
   964 | D:1      | Found a faded altar of an unknown god.
   968 | D:1      | 968 ||| READING scroll labelled WASHRE RUURO.
   969 | D:1      | 969 ||| READING scroll labelled URUUS MAMIJE.
   970 | D:1      | 970 ||| READING scroll labelled EGA LUEBEETRI.
  1071 | D:1      | 1071 ||| DRINKING 2 lumpy brown potions.
  1157 | D:2      | 1157 ||| DROPPING +0 club.
  1398 | D:2      | 1398 ||| Stepping ~*~*~tactically~*~*~ (stealth).
  1639 | D:2      | Reached XP level 4. HP: 21/28 MP: 4/4
  1900 | D:2      | 1900 ||| UPGRADING to +6 ring of dexterity.
  1901 | D:2      | 1901 ||| READING scroll labelled KEIFU ENWUSKAN.
  1902 | D:2      | 1902 ||| DRINKING 2 golden potions.
  1902 | D:2      | Gained mutation: You are robust. (+10% HP) [potion of
                  | mutation]
  1902 | D:2      | Gained mutation: You passively map a small area around you.
                  | [potion of mutation]
  1919 | D:2      | 1919 ||| DRINKING 3 glowing orange potions.
  1948 | D:3      | 1948 ||| PLANNING SEWER
  1957 | D:3      | Reached skill level 1 in Dodging
  1957 | D:3      | 1957 ||| DRINKING potion of curing.
  1957 | D:3      | 1957 ||| (to cure confusion)
  1960 | D:3      | Reached skill level 4 in Axes
  1961 | D:3      | HP: 7/30 [orc/+0 trident (1)]
  1962 | D:3      | Reached XP level 5. HP: 6/35 MP: 5/5
  1962 | D:3      | 1962 ||| DRINKING 2 potions of heal wounds.
  2141 | D:3      | 2141 ||| DROPPING +0 whip.
  2201 | D:3      | Found a transporter.
  2207 | D:3      | Noticed qw's ghost (amateur GrFi)
  2207 | D:3      | Noticed a phantom
  2229 | D:3      | 2229 ||| Stepping ~*~*~tactically~*~*~ (stealth).
  2261 | D:3      | 2261 ||| Stepping ~*~*~tactically~*~*~ (stealth).
  2264 | D:3      | 2264 ||| Stepping ~*~*~tactically~*~*~ (stealth).
  2269 | D:3      | 2269 ||| Stepping ~*~*~tactically~*~*~ (stealth).
  2352 | D:3      | Noticed a black bear
  2363 | D:3      | Killed a black bear
  2364 | D:3      | Reached skill level 5 in Axes
  2364 | D:3      | Reached XP level 6. HP: 29/40 MP: 6/6
  2464 | D:3      | Found a transporter.
  2541 | D:3      | Found Cetudas's Armour Shop.
  2546 | D:3      | 2546 ||| BUYING +0 cloak (49 gold).
  2546 | D:3      | Bought a +0 cloak for 49 gold pieces
  2546 | D:3      | 2546 ||| SHOPLISTING +1 plate armour of willpower (385
                  | gold, have 96).
  2546 | D:3      | 2546 ||| SHOPLISTING +7 chain mail of the Stallion {rPois
                  | rC+} (634 gold, have 96).
  2670 | D:3      | 2670 ||| RIP SEWER
  2674 | D:3      | 2674 ||| PLANNING D:1-11
  3161 | D:3      | 3161 ||| UPGRADING to +0 cloak.
  3166 | D:3      | 3166 ||| UPGRADING to ring of positive energy.
  3167 | D:3      | 3167 ||| READING scroll labelled NIHYMOUKABI.
  3168 | D:3      | 3168 ||| READING scroll labelled BADGHE VECERU.
  3169 | D:3      | 3169 ||| READING scroll labelled VAZUANOUPP.
  3228 | D:4      | 3228 ||| Stepping ~*~*~tactically~*~*~ (stealth).
  3327 | D:4      | 3327 ||| Stepping ~*~*~tactically~*~*~ (stealth).
  3333 | D:4      | 3333 ||| Stepping ~*~*~tactically~*~*~ (stealth).
  3341 | D:4      | Noticed Robin
  3346 | D:4      | 3346 ||| Stepping ~*~*~tactically~*~*~ (stealth).
  3357 | D:4      | Killed Robin
  3398 | D:4      | 3398 ||| Stepping ~*~*~tactically~*~*~ (stealth).
  3406 | D:4      | 3406 ||| Stepping ~*~*~tactically~*~*~ (stealth).
  3418 | D:4      | 3418 ||| Stepping ~*~*~tactically~*~*~ (stealth).
  3507 | D:4      | 3507 ||| Stepping ~*~*~tactically~*~*~ (stealth).
  3521 | D:4      | Reached XP level 7. HP: 29/48 MP: 7/7
  3635 | D:4      | Found a hide-covered altar of Uskayaw.
  3681 | D:4      | 3681 ||| FLEEEEING.
  3682 | D:4      | 3682 ||| FLEEEEING.
  3683 | D:4      | 3683 ||| FLEEEEING.
  3684 | D:4      | 3684 ||| FLEEEEING.
  3685 | D:4      | 3685 ||| FLEEEEING.
  3687 | D:4      | 3687 ||| FLEEEEING.
  3692 | D:4      | Reached skill level 6 in Axes
  3695 | D:4      | 3695 ||| FLEEEEING.
  3696 | D:4      | 3696 ||| FLEEEEING.
  3711 | D:4      | 3711 ||| FLEEEEING.
  3712 | D:4      | 3712 ||| FLEEEEING.
  3713 | D:4      | 3713 ||| FLEEEEING.
  3714 | D:4      | 3714 ||| FLEEEEING.
  3715 | D:4      | 3715 ||| FLEEEEING.
  3716 | D:4      | 3716 ||| FLEEEEING.
  3717 | D:4      | 3717 ||| FLEEEEING.
  3718 | D:4      | 3718 ||| FLEEEEING.
  3719 | D:4      | 3719 ||| FLEEEEING.
  3720 | D:4      | 3720 ||| FLEEEEING.
  3721 | D:4      | 3721 ||| FLEEEEING.
  3722 | D:4      | 3722 ||| FLEEEEING.
  3723 | D:4      | 3723 ||| FLEEEEING.
  3724 | D:4      | 3724 ||| FLEEEEING.
  3726 | D:4      | 3726 ||| FLEEEEING.
  3831 | D:4      | 3831 ||| Invisible monster not found???
  3900 | D:4      | 3900 ||| Stepping ~*~*~tactically~*~*~ (stealth).
  3902 | D:4      | 3902 ||| Stepping ~*~*~tactically~*~*~ (stealth).
  3903 | D:4      | 3903 ||| Stepping ~*~*~tactically~*~*~ (stealth).
  4120 | D:4      | 4120 ||| SWAPPING to +0 broad axe.
  4124 | D:4      | 4124 ||| DROPPING +0 war axe.
  4313 | D:4      | Found a staircase to the Ecumenical Temple.
  4317 | D:4      | 4317 ||| UPGRADING to +0 helmet.
  4322 | D:4      | 4322 ||| READING scroll labelled ZIRCHABIXOS.
  4323 | D:4      | 4323 ||| READING scroll labelled UMOALEACEC.
  4324 | D:4      | 4324 ||| DRINKING 2 coppery potions.
  4325 | D:4      | 4325 ||| DROPPING potion of flight.
  4349 | D:5      | Entered Level 5 of the Dungeon
  4349 | D:5      | Found Igic's Magic Scroll Shop.
  4353 | D:5      | 4353 ||| BUYING scroll of identify (24 gold).
  4353 | D:5      | Bought a scroll of identify for 24 gold pieces
  4353 | D:5      | 4353 ||| BUYING scroll of teleportation (36 gold).
  4353 | D:5      | Bought a scroll of teleportation for 36 gold pieces
  4432 | D:5      | 4432 ||| Stepping ~*~*~tactically~*~*~ (hiding).
  4632 | D:5      | Reached skill level 7 in Axes
  4969 | D:5      | 4969 ||| Stepping ~*~*~tactically~*~*~ (stealth).
  4972 | D:5      | 4972 ||| Stepping ~*~*~tactically~*~*~ (stealth).
  4976 | D:5      | 4976 ||| Stepping ~*~*~tactically~*~*~ (stealth).
  5018 | D:5      | 5018 ||| FLEEEEING.
  5019 | D:5      | 5019 ||| FLEEEEING.
  5020 | D:5      | 5020 ||| FLEEEEING.
  5021 | D:5      | 5021 ||| FLEEEEING.
  5023 | D:5      | 5023 ||| FLEEEEING.
  5024 | D:5      | 5024 ||| FLEEEEING.
  5025 | D:5      | 5025 ||| FLEEEEING.
  5026 | D:5      | 5026 ||| FLEEEEING.
  5027 | D:5      | 5027 ||| FLEEEEING.
  5032 | D:5      | 5032 ||| FLEEEEING.
  5033 | D:5      | 5033 ||| FLEEEEING.
  5034 | D:5      | 5034 ||| FLEEEEING.
  5035 | D:5      | 5035 ||| FLEEEEING.
  5036 | D:5      | 5036 ||| FLEEEEING.
  5037 | D:5      | 5037 ||| FLEEEEING.
  5109 | D:5      | Reached XP level 8. HP: 47/53 MP: 8/8
  5292 | D:5      | 5292 ||| UPGRADING to +0 chain mail.
  5302 | D:5      | 5302 ||| DROPPING +0 scale mail.
  5303 | D:5      | 5303 ||| DROPPING amulet of magic regeneration.
  5304 | D:5      | 5304 ||| UPGRADING to ring of see invisible.
  5306 | D:5      | 5306 ||| UPGRADING to +6 ring of dexterity.
  5308 | D:5      | 5308 ||| READING 2 scrolls of identify.
  5308 | D:5      | 5308 ||| IDENTIFYING fizzy emerald potion
  5348 | D:6      | 5348 ||| PLANNING OSSUARY
  5366 | D:6      | Found a hazy altar of Hepliaklqana.
  5405 | D:6      | 5405 ||| Stepping ~*~*~tactically~*~*~ (stealth).
  5437 | D:6      | 5437 ||| Stepping ~*~*~tactically~*~*~ (stealth).
  5438 | D:6      | 5438 ||| Stepping ~*~*~tactically~*~*~ (stealth).
  5439 | D:6      | 5439 ||| Stepping ~*~*~tactically~*~*~ (stealth).
  5511 | D:6      | 5511 ||| Stepping ~*~*~tactically~*~*~ (stealth).
  5562 | D:6      | 5562 ||| Stepping ~*~*~tactically~*~*~ (stealth).
  5724 | D:6      | Reached skill level 8 in Axes
  5920 | D:6      | 5920 ||| Stepping ~*~*~tactically~*~*~ (hiding).
  6121 | D:6      | Found a sand-covered staircase.
  6122 | D:6      | 6122 ||| FLEEEEING.
  6123 | D:6      | 6123 ||| FLEEEEING.
  6124 | D:6      | 6124 ||| FLEEEEING.
  6125 | D:6      | 6125 ||| FLEEEEING.
  6126 | D:6      | 6126 ||| FLEEEEING.
  6127 | D:6      | 6127 ||| FLEEEEING.
  6128 | D:6      | 6128 ||| FLEEEEING.
  6128 | D:6      | 6128 ||| RIP OSSUARY
  6129 | D:6      | 6129 ||| PLANNING D:1-11
  6216 | D:6      | Found a burning altar of Makhleb.
  6599 | D:6      | 6599 ||| READING 3 scrolls of identify.
  6599 | D:6      | 6599 ||| IDENTIFYING white potion
  6600 | D:6      | 6600 ||| READING 2 scrolls of identify.
  6600 | D:6      | 6600 ||| IDENTIFYING murky emerald potion
  6601 | D:6      | 6601 ||| DROPPING potion of magic.
  6602 | D:6      | 6602 ||| DROPPING potion of degeneration.
  6655 | D:7      | Reached skill level 6 in Fighting
  6688 | D:7      | Reached XP level 9. HP: 57/60 MP: 9/9
  6732 | D:7      | Found a white marble altar of Elyvilon.
  7501 | D:7      | Found Lucwuale's Luxury Loot.
  7505 | D:7      | 7505 ||| Stepping ~*~*~tactically~*~*~ (hiding).
  7529 | D:7      | 7529 ||| BUYING potion of lignification (48 gold).
  7529 | D:7      | Bought a potion of lignification for 48 gold pieces
  7800 | D:7      | Reached skill level 9 in Axes
  7819 | D:7      | 7819 ||| Stepping ~*~*~tactically~*~*~ (stealth).
  7834 | D:7      | Found an iron altar of Okawaru.
  7835 | D:7      | 7835 ||| PLANNING OKAWARU WORSHIP
  7839 | D:7      | Became a worshipper of Warmaster Okawaru
  7840 | D:7      | 7840 ||| PLANNING D:1-11
  7866 | D:7      | Found a snail-covered altar of Cheibriados.
  8044 | D:8      | Noticed Grum
  8050 | D:8      | HP: 14/60 [Grum/-2 glaive of flaming (5)]
  8051 | D:8      | 8051 ||| READING 2 scrolls of teleportation.
  8051 | D:8      | HP: 4/60 [wolf[Grum] (7)]
  8051 | D:8      | Slain by an orc warrior

Levels and vault maps discovered:
D:1:      nicolae_arrival_memento_mori, layout_loops_ring,
          shapermc_ecumenical_altar_pompeii, serial_shops, shop,
          minmay_close_crescents
D:2:      layout_rooms
D:3:      layout_loops_ring, serial_shops, nicolae_shop_hallway_plus,
          gammafunk_ghost_mausoleum, gup_sewer_entry_bubbles
D:4:      layout_loops_ring, nicolae_uskayaw_dance_hall,
          minmay_temple_entry_glassed_door, kennysheep_generic_room_3,
          uniq_robin
D:5:      layout_gridville, serial_shops, nicolae_shop_hallway_stairs,
          kennysheep_minor_cross
D:6:      hellmonk_destroyed_diamonds, layout_layer_cave,
          nicolae_overflow_crystal_walls, lightli_temple_of_fire,
          gup_ossuary_entry_pyramid
D:7:      layout_basic, kennysheep_little_box, mainiacjoe_overflow_two_lobes,
          nicolae_alphabet_shops
D:8:      layout_basic, mainiacjoe_overflow_brackets, nicolae_wooded_promenade,
          nicolae_titane, uniq_grum, uniq_prince_ribbit1

Skill      XL: |  1  2  3  4  5  6  7  8  9 |
---------------+----------------------------+-----
Axes           | 2 3 4 5 7 8 9 |  9.0
Dodging        | 1 2 |  2.2
Fighting       | 4 5 6 |  6.2
Throwing       | 2 |  2.1
Armour         | 4 |  4.4
Shields        | 4 |  4.3

Action                   |  1- 3 |  4- 6 |  7- 9 || total
-------------------------+-------+-------+-------++-------
Melee: War axe           |    76 |   161 |    23 ||   260
       Broad axe         |       |       |   163 ||   163
Throw: Boomerang         |    60 |    31 |    76 ||   167
  Use: Scroll            |     3 |     4 |     6 ||    13
       Potion            |     1 |     4 |     1 ||     6
Armor: Scale mail        |    50 |    93 |    38 ||   181
       Chain mail        |       |       |    74 ||    74
Dodge: Dodged            |    30 |    90 |    58 ||   178
Block: Buckler           |    15 |    46 |    43 ||   104

Table legend:
 A = Non-vault XP
 B = Vault XP
 C = Vault XP percentage of total XP
 D = Non-vault monster count
 E = Vault monster count
 F = Vault count percentage of total count
                 A         B        C        D         E       F
            +---------+---------+-------+---------+---------+-------
      Total |    2860 |     274 |   8.7 |     134 |      27 |  16.8
            +---------+---------+-------+---------+---------+-------
        D:1 |      50 |       7 |  12.3 |      29 |       5 |  14.7
        D:2 |      39 |       0 |   0.0 |      15 |       0 |   0.0
        D:3 |     303 |      51 |  14.4 |      20 |       7 |  25.9
        D:4 |     211 |      77 |  26.7 |      18 |      13 |  41.9
        D:5 |     538 |       0 |   0.0 |      16 |       0 |   0.0
        D:6 |     849 |      18 |   2.1 |      19 |       1 |   5.0
        D:7 |     833 |       0 |   0.0 |      16 |       0 |   0.0
        D:8 |      37 |     121 |  76.6 |       1 |       1 |  50.0
            +---------+---------+-------+---------+---------+-------
